 Dungeon Crawl Stone Soup version 0.30.1-3-gfc49f6343a (webtiles) character file.

Game seed: 10527900496924897484

28 boopmooplesden the Cutter (level 3, -2/23 HPs)
             Began as a Kobold Berserker on Aug 3, 2023.
             Was a Follower of Trog.
             Slain by a goblin
             ... wielding a +0 club
             ... led by Robin
              (3 damage)
             ... on level 2 of the Dungeon.
             The game lasted 00:01:16 (946 turns).

boopmooplesden the Cutter (Kobold Berserker)         Turns: 946, Time: 00:01:17

Health: -2/23      AC:  2    Str: 14    XL:     3   Next: 27%
Magic:  3/3        EV: 15    Int:  8    God:    Trog [*.....]
Gold:   63         SH:  0    Dex: 16    Spells: 2/2 levels left

rFire   . . .        a - +0 short sword
rCold   . . .        (no shield)
rNeg    . . .        b - +0 animal skin
rPois   .            (no helmet)
rElec   .            (no cloak)
rCorr   .            (no gloves)
SInv    .            (no boots)
Will    .....        (no amulet)
Stlth   +++          (no ring)
HPRegen 0.23/turn    (no ring)
MPRegen 0.08/turn

%: no passive effects
@: on berserk cooldown, slowed, very slow
A: small, no large weapons, nightstalker 3
a: Renounce Religion, Berserk


You were on level 2 of the Dungeon.
You worshipped Trog.
Trog was aware of your devotion.
You visited 1 branch of the dungeon, and saw 2 of its levels.

You collected 63 gold pieces.

Inventory:

Hand Weapons
 a - a +0 short sword (weapon)
Missiles
 f - 4 poisoned darts (quivered)
Armour
 b - a +0 animal skin (worn)
Scrolls
 c - a scroll of immolation {unknown}
 d - a scroll of teleportation {unknown}
 e - a scroll of torment {unknown}
 g - a scroll of magic mapping {unknown}


   Skills:
 + Level 3.5 Fighting
 + Level 4.7 Short Blades
 + Level 1.7 Armour
 + Level 2.6 Dodging
 + Level 1.6 Stealth


You had 2 spell levels left.
You didn't know any spells.
Your spell library was empty.

Dungeon Overview and Level Annotations

Branches:
Dungeon (2/15)

Altars:

Annotations:
D:2 Robin


Innate Abilities, Weirdness & Mutations

You are small and have problems with some larger weapons.
You are completely attuned to the shadows.


Message History

Things that are here:
a +0 dagger; a +0 club; a goblin corpse You closely miss the goblin.
The goblin misses you. The goblin hits you with a +0 club.
The hobgoblin hits you.
You hit the goblin.
The goblin is severely wounded.
You completely miss the goblin.
The goblin is severely wounded.
The hobgoblin closely misses you. The goblin hits you with a +0 club.
The goblin misses you.
You completely miss the goblin.
The goblin is severely wounded.
You hit the goblin.
You kill the goblin!
Trog accepts your kill. The goblin misses you.
The hobgoblin completely misses you.
You puncture the goblin!
You kill the goblin!
Trog accepts your kill.
You are no longer berserk.
You are exhausted.
You feel yourself slow down. The hobgoblin barely misses you.
The goblin hits you with a +0 club. x2
You see here a +0 club.
You hit the hobgoblin but do no damage. The hobgoblin misses you.
The goblin hits you with a +0 club.
* * * LOW HITPOINT WARNING * * *
The goblin closely misses you.
You hit the hobgoblin.
The hobgoblin is moderately wounded.
The hobgoblin misses you. The goblin barely misses you. The goblin misses you.
The hobgoblin hits you.
* * * LOW HITPOINT WARNING * * *
The hobgoblin closely misses you. The goblin hits you with a +0 club.
* * * LOW HITPOINT WARNING * * *
Things that are here:
a +0 dagger; a +0 club; a goblin corpse The hobgoblin attacks as you move away!
The hobgoblin closely misses you. The goblin attacks as you move away!
The goblin hits you with a +0 club.
You die...

.....# .....#
.....# ....g#
...gg# ####@#
#..))# #.#####
####......
.....#####
#######.#
####.##....<#.#
.....##.#####.#
..............#


You could see a hobgoblin and 2 goblins.

Vanquished Creatures
  3 endoplasms
  A giant cockroach (D:1)
  6 goblins
  3 hobgoblins
  A quokka (D:1)
  5 ball pythons (D:1)
  2 bats
  A frilled lizard (D:1)
  3 rats (D:1)
25 creatures vanquished.

Notes
Turn   | Place    | Note
-------+----------+-------------------------------------------
     0 | D:1      | boopmooplesden the Kobold Berserker began the quest for the
                  | Orb.
     0 | D:1      | Reached XP level 1. HP: 14/14 MP: 1/1
   160 | D:1      | Reached XP level 2. HP: 19/19 MP: 2/2
   894 | D:2      | Reached skill level 1 in Stealth
   894 | D:2      | Reached XP level 3. HP: 23/23 MP: 3/3
   922 | D:2      | Noticed Robin
   945 | D:2      | HP: 1/23 [goblin/+0 club[Robin] (3)]
   946 | D:2      | Slain by a goblin

Illustrated notes

Levels and vault maps discovered:
D:1:      pf_arrival_petrified_forest, layout_loops_ring
D:2:      layout_basic, basic_altar, columned_hall_lemuel, uniq_robin,
          uniq_natasha

Skill      XL: |  1  2 |
---------------+-------+-----
Stealth        | 1 |  1.6
Fighting       | |  3.5
Short Blades   | |  4.7
Armour         | |  1.7
Dodging        | |  2.6

Action                     || total
---------------------------++-------
  Melee: Short sword       ||    54
 Invoke: Berserk           ||     1
   Stab: Sleeping          ||    11
 Armour: Animal skin       ||     4
  Dodge: Dodged            ||    37
